Kings vs Canucks

Created - 11 novembre 2020 at 11:31

Goals
1 2 3 OT1 T
Kings 2 1 1 1 5
Canucks 2 0 2 0 4
Shots
1 2 3 OT1 T
Kings 13 12 7 2 34
Canucks 6 10 14 1 31

1st period

1. Canucks , Mika Zibanejad 1 (Dominik Kubalik 1, Alex Killorn 1) at 2:24 (PP)
2. Kings , Alex Ovechkin 1 (Artemi Panarin 1, Alex Goligoski 1) at 2:36
3. Kings , Artemi Panarin 1 (Tomas Hertl 1, Shea Weber 1) at 4:59
4. Canucks , Dominik Kubalik 1 (Ryan Getzlaf 1, Mika Zibanejad 1) at 14:36

Penalties :
Jonas Brodin (LAK) for Roughing (Minor) at 0:42, Darnell Nurse (VAN) for Hooking (Minor) at 11:42

2nd period

5. Kings , Artemi Panarin 2 (Tomas Hertl 2, Alex Ovechkin 1) at 11:51 (PP)

Penalties :
Tage Thompson (LAK) for Holding (Minor) at 5:04, Ryan Getzlaf (VAN) for Interference (Minor) at 11:36, Jamie Benn (LAK) for Tripping (Minor) at 16:59

3rd period

6. Kings , Tomas Hertl 1 (Artemi Panarin 2, Alex Ovechkin 2) at 4:52
7. Canucks , Mika Zibanejad 2 (Blake Wheeler 1, Quinn Hughes 1) at 11:17
8. Canucks , Alex Killorn 1 (Gustav Nyquist 1, Jordan Martinook 1) at 14:22

Penalties :
Alex Ovechkin (LAK) for Holding (Minor) at 0:36

Overtime #1

9. Kings , Alex Goligoski 1 (Alexander Radulov 1, Alex Ovechkin 3) at 1:04

Penalties :
No Penalty

Goalie Stats

Semyon Varlamov (LAK), 27 saves from 31 shots - (0,871), W, 1-0-0, 61:04 minutes
Ben Bishop (VAN), 29 saves from 34 shots - (0,853), OTL, 0-0-1, 61:04 minutes

Players Stats for Kings

Player Name              G  A  P  +/- PIM S  H  SB GA TA FO     MP     PP MP  PK MP  
------------------------------------------------------------------------------------
Alex Goligoski           1  1  2   1  0   5  2  1  1  1  0/0    29:04   1:33   4:44 
Alex Ovechkin            1  3  4   2  2   4  0  1  2  1  0/9    21:21   1:07   2:56 
Alexander Radulov        0  1  1   0  0   5  1  0  2  0  0/0    16:07   1:07   0:00 
Artem Anisimov           0  0  0   0  0   0  0  0  0  0  0/0    17:50   1:07   1:31 
Artemi Panarin           2  2  4   2  0   4  1  1  2  0  1/2    22:29   1:07   4:06 
Artturi Lehkonen         0  0  0  -1  0   2  1  0  2  0  0/0    12:19   0:05   0:20 
Carter Rowney            0  0  0  -1  0   1  1  0  0  0  0/1    13:31   0:00   2:04 
Danny DeKeyser           0  0  0  -2  0   2  3  1  0  0  0/0    20:10   0:41   2:55 
Jamie Benn               0  0  0  -1  2   3  2  0  0  0  12/22  17:27   1:07   1:04 
Jayson Megna             0  0  0   0  0   0  1  1  0  0  2/4     6:57   0:00   0:00 
Jonas Brodin             0  0  0  -1  2   1  0  4  0  0  0/0    19:29   0:41   2:15 
Luke Schenn              0  0  0   1  0   1  0  0  0  0  0/0    11:48   0:00   0:40 
Michael Del Zotto        0  0  0   1  0   0  1  1  0  0  0/0    11:08   0:00   0:00 
Nikolay Goldobin         0  0  0   0  0   1  1  0  1  1  0/0     6:57   0:00   0:00 
Sean Kuraly              0  0  0  -1  0   1  2  0  0  0  2/7    11:24   0:00   0:00 
Shea Weber               0  1  1   1  0   0  1  2  2  0  0/0    29:24   1:33   4:44 
Tage Thompson            0  0  0   0  2   0  1  0  0  0  0/0     6:59   0:00   0:00 
Tomas Hertl              1  2  3   2  0   4  3  0  0  1  17/27  21:05   1:02   3:17 

Players Stats for Canucks

Player Name              G  A  P  +/- PIM S  H  SB GA TA FO     MP     PP MP  PK MP  
------------------------------------------------------------------------------------
Alex Killorn             1  1  2  -1  0   4  4  0  0  0  7/25   20:25   3:24   1:21 
Alex Tuch                0  0  0  -1  0   0  0  0  0  1  1/1    14:13   0:01   0:00 
Blake Wheeler            0  1  1  -1  0   5  0  0  0  0  1/1    19:04   4:14   0:09 
Charlie McAvoy           0  0  0  -1  0   1  3  1  0  2  0/0    23:50   4:03   0:44 
Darnell Nurse            0  0  0   1  2   2  1  3  0  0  0/0    19:01   0:14   0:00 
Denis Gurianov           0  0  0   1  0   1  0  0  0  1  0/1    12:16   0:13   0:00 
Dominik Kubalik          1  1  2   0  0   4  1  0  0  0  0/0    16:09   3:24   0:39 
Erik Cernak              0  0  0   0  0   1  0  1  0  1  0/0    12:56   0:00   1:30 
Erik Johnson             0  0  0  -1  0   0  0  1  0  1  0/0    22:53   1:27   1:30 
Gustav Nyquist           0  1  1   0  0   3  0  1  1  1  1/1    19:13   3:24   0:00 
Jason Dickinson          0  0  0   0  0   0  0  0  0  0  5/7     8:28   0:00   0:00 
Jordan Martinook         0  1  1   0  0   1  1  1  0  0  1/1     8:28   0:00   0:00 
Matt Calvert             0  0  0   0  0   0  1  0  0  2  0/1    16:46   0:00   1:21 
Mika Zibanejad           2  1  3  -1  0   3  1  0  2  1  9/18   19:41   4:14   0:46 
Oscar Klefbom            0  0  0   0  0   2  0  1  0  1  0/0    24:12   4:30   0:44 
Pierre Engvall           0  0  0   0  0   2  0  0  0  0  0/0     8:35   0:01   0:00 
Quinn Hughes             0  1  1   0  0   2  0  0  1  0  0/0    18:12   5:04   0:00 
Ryan Getzlaf             0  1  1   1  2   0  1  1  0  1  13/16  16:34   4:02   0:12 

3 Stars

1 - Artemi Panarin (LAK)
2 - Tomas Hertl (LAK)
3 - Alex Ovechkin (LAK)

Power Play

Kings - 1 on 2 Attempt(s) - 50,00%
Canucks - 1 on 4 Attempt(s) - 25,00%

Penalty Kill

Kings - 3 on 4 Attempt(s) - 75,00% - Score 0 goal in Penalty Kill
Canucks - 1 on 2 Attempt(s) - 50,00% - Score 0 goal in Penalty Kill

Team Stat

Kings - Hits : 21 - Faceoff Wins : 34 - Blocked Shots : 12 - Penalty Minutes : 8
Canucks - Hits : 13 - Faceoff Wins : 38 - Blocked Shots : 10 - Penalty Minutes : 4

Official

Referees : Dan O'Halloran and Conor O'Donnell
Linesman : Robb Harrell and Stephen Drain

Game Notes

No Game Note

Finance

Level 1 -- Attendance: 5535 (92,25%) -- Ticket Income 525 825 $
Level 2 -- Attendance: 5000 (100,00%) -- Ticket Income 275 000 $
Level 3 -- Attendance: 1868 (93,40%) -- Ticket Income 56 040 $
Level 4 -- Attendance: 4000 (100,00%) -- Ticket Income 80 000 $
Luxury Box -- Attendance: 867 (86,70%) -- Ticket Income 151 725 $
Game was played at the Green men Ice Stadium.
Total Attendance: 17270 (95,94%)
Total Ticket Income: 1 088 590 $
Other Income: 533 409 $
Total Income: 1 621 999 $

Kings

5 vs 5 Forward 
   Center                   Left Wing                Right Wing               Time % Phy DF OF 
 1 Tomas Hertl              Alex Ovechkin            Artemi Panarin           38     1   2  2  
 2 Jamie Benn               Artem Anisimov           Alexander Radulov        33     1   2  2  
 3 Sean Kuraly              Artturi Lehkonen         Carter Rowney            20     1   2  2  
 4 Jayson Megna             Nikolay Goldobin         Tage Thompson            9      1   2  2  

5 vs 5 Defense 
   Defense                  Defense                                           Time % Phy DF OF 
 1 Shea Weber               Alex Goligoski                                    40     1   2  2  
 2 Jonas Brodin             Danny DeKeyser                                    30     1   2  2  
 3 Michael Del Zotto        Luke Schenn                                       20     1   2  2  
 4 Shea Weber               Alex Goligoski                                    10     1   2  2  

PowerPlay Forward 
   Center                   Left Wing                Right Wing               Time % Phy DF OF 
 1 Tomas Hertl              Alex Ovechkin            Artemi Panarin           60     0   1  4  
 2 Jamie Benn               Artem Anisimov           Alexander Radulov        40     0   1  4  

PowerPlay Defense
   Defense                  Defense                                           Time % Phy DF OF 
 1 Shea Weber               Alex Goligoski                                    60     1   3  1  
 2 Jonas Brodin             Danny DeKeyser                                    40     1   3  1  

Penalty Kill 4 Players Forward 
   Center                   Wing                     Time % Phy DF OF 
 1 Alex Ovechkin            Artemi Panarin           60     1   4  0  
 2 Tomas Hertl              Jamie Benn               40     1   4  0  

Penalty Kill 4 Players Defense
   Defense                  Defense                  Time % Phy DF OF 
 1 Shea Weber               Alex Goligoski           60     1   4  0  
 2 Jonas Brodin             Danny DeKeyser           40     1   4  0  

Penalty Kill - 3 Players Forward 
   Forward                                           Time % Phy DF OF 
 1 Alex Ovechkin                                     60     1   4  0  
 2 Artemi Panarin                                    40     1   4  0  

Penalty Kill - 3 Players Defense
   Defense                  Defense                  Time % Phy DF OF 
 1 Shea Weber               Alex Goligoski           60     1   4  0  
 2 Jonas Brodin             Danny DeKeyser           40     1   4  0  

4 vs 4 Forward 
   Center                   Wing                     Time % Phy DF OF 
 1 Alex Ovechkin            Artemi Panarin           60     1   2  2  
 2 Tomas Hertl              Jamie Benn               40     1   2  2  

4 vs 4 Defense
   Defense                  Defense                  Time % Phy DF OF 
 1 Shea Weber               Alex Goligoski           60     1   2  2  
 2 Jonas Brodin             Danny DeKeyser           40     1   2  2  

Last Minutes Offensive
   Center                   Left Wing                Right Wing               Defense                  Defense                  
   Tomas Hertl              Alex Ovechkin            Artemi Panarin           Shea Weber               Alex Goligoski           

Last Minutes Defensive
   Center                   Left Wing                Right Wing               Defense                  Defense                  
   Tomas Hertl              Alex Ovechkin            Artemi Panarin           Shea Weber               Alex Goligoski           

Goaltenders
Starting : Semyon Varlamov          
Backup : Devan Dubnyk             

Extra Forwards
Normal : Artturi Lehkonen, Sean Kuraly, Carter Rowney - PP : Artturi Lehkonen, Sean Kuraly - PK : Carter Rowney
Extra Defensemen
Normal : Michael Del Zotto, Luke Schenn, Jonas Brodin - PP : Michael Del Zotto - PK : Luke Schenn, Jonas Brodin
Penalty Shots
Alex Ovechkin, Artemi Panarin, Tomas Hertl, Jamie Benn, Alexander Radulov
Custom OT Lines Forwards
Alex Ovechkin, Artemi Panarin, Tomas Hertl, Jamie Benn, Alexander Radulov, Artem Anisimov, Artturi Lehkonen, Sean Kuraly, Carter Rowney, Jayson Megna
Custom OT Lines Defensemen
Shea Weber, Alex Goligoski, Jonas Brodin, Danny DeKeyser, Michael Del Zotto

Scratches
None

Canucks

5 vs 5 Forward 
   Center                   Left Wing                Right Wing               Time % Phy DF OF 
 1 Mika Zibanejad           Blake Wheeler            Alex Tuch                32     0   0  5  
 2 Alex Killorn             Gustav Nyquist           Matt Calvert             32     0   1  4  
 3 Ryan Getzlaf             Dominik Kubalik          Denis Gurianov           26     1   2  2  
 4 Jason Dickinson          Jordan Martinook         Pierre Engvall           10     1   2  2  

5 vs 5 Defense 
   Defense                  Defense                                           Time % Phy DF OF 
 1 Darnell Nurse            Oscar Klefbom                                     38     1   2  2  
 2 Charlie McAvoy           Erik Johnson                                      38     1   2  2  
 3 Quinn Hughes             Erik Cernak                                       24     1   2  2  
 4 Quinn Hughes             Erik Cernak                                       0      1   2  2  

PowerPlay Forward 
   Center                   Left Wing                Right Wing               Time % Phy DF OF 
 1 Ryan Getzlaf             Mika Zibanejad           Blake Wheeler            60     0   0  5  
 2 Alex Killorn             Dominik Kubalik          Gustav Nyquist           40     0   0  5  

PowerPlay Defense
   Defense                  Defense                                           Time % Phy DF OF 
 1 Oscar Klefbom            Quinn Hughes                                      60     0   0  5  
 2 Charlie McAvoy           Quinn Hughes                                      40     0   0  5  

Penalty Kill 4 Players Forward 
   Center                   Wing                     Time % Phy DF OF 
 1 Alex Killorn             Matt Calvert             80     1   4  0  
 2 Jason Dickinson          Pierre Engvall           20     1   4  0  

Penalty Kill 4 Players Defense
   Defense                  Defense                  Time % Phy DF OF 
 1 Erik Johnson             Erik Cernak              80     1   4  0  
 2 Oscar Klefbom            Darnell Nurse            20     1   4  0  

Penalty Kill - 3 Players Forward 
   Forward                                           Time % Phy DF OF 
 1 Alex Killorn                                      60     1   2  2  
 2 Jason Dickinson                                   40     1   2  2  

Penalty Kill - 3 Players Defense
   Defense                  Defense                  Time % Phy DF OF 
 1 Erik Johnson             Erik Cernak              60     1   2  2  
 2 Oscar Klefbom            Darnell Nurse            40     1   2  2  

4 vs 4 Forward 
   Center                   Wing                     Time % Phy DF OF 
 1 Mika Zibanejad           Blake Wheeler            60     1   2  2  
 2 Ryan Getzlaf             Gustav Nyquist           40     1   2  2  

4 vs 4 Defense
   Defense                  Defense                  Time % Phy DF OF 
 1 Charlie McAvoy           Quinn Hughes             60     1   2  2  
 2 Erik Johnson             Darnell Nurse            40     1   2  2  

Last Minutes Offensive
   Center                   Left Wing                Right Wing               Defense                  Defense                  
   Mika Zibanejad           Dominik Kubalik          Blake Wheeler            Quinn Hughes             Oscar Klefbom            

Last Minutes Defensive
   Center                   Left Wing                Right Wing               Defense                  Defense                  
   Mika Zibanejad           Matt Calvert             Alex Killorn             Erik Johnson             Erik Cernak              

Goaltenders
Starting : Ben Bishop               
Backup : Chris Driedger           

Extra Forwards
Normal : Denis Gurianov, Alex Tuch, Pierre Engvall - PP : Denis Gurianov, Dominik Kubalik - PK : Mika Zibanejad
Extra Defensemen
Normal : Quinn Hughes, Erik Cernak, Darnell Nurse - PP : Oscar Klefbom - PK : Charlie McAvoy, Oscar Klefbom
Penalty Shots
Mika Zibanejad, Blake Wheeler, Ryan Getzlaf, Darnell Nurse, Gustav Nyquist
Custom OT Lines Forwards
Mika Zibanejad, Blake Wheeler, Ryan Getzlaf, Gustav Nyquist, Alex Killorn, Dominik Kubalik, Jason Dickinson, Denis Gurianov, Jordan Martinook, Matt Calvert
Custom OT Lines Defensemen
Quinn Hughes, Oscar Klefbom, Darnell Nurse, Charlie McAvoy, Erik Johnson

Scratches
Matt Grzelcyk (Healthy)

% Time on Ice - Kings

Lines # - Real PCT - Wanted PCT - Time Play
Normal Forward
1 - 34% - 38% - 16:57
2 - 30% - 33% - 14:53
3 - 23% - 20% - 11:20
4 - 14% - 9% - 6:57
Normal Defense
1 - 40% - 40% - 20:02
2 - 33% - 30% - 16:34
3 - 22% - 20% - 11:08
4 - 5% - 10% - 2:23
PP Forward
1 - 50% - 60% - 1:07
2 - 50% - 40% - 1:07
PP Defense
1 - 69% - 60% - 1:33
2 - 31% - 40% - 0:41
PK Forward
1 - 78% - 60% - 5:58
2 - 22% - 40% - 1:41
PK Defense
1 - 62% - 60% - 4:44
2 - 38% - 40% - 2:55
PK3 Forward
1 - 0% - 60%
2 - 0% - 40%
PK3 Defense
1 - 0% - 60%
2 - 0% - 40%
44 Forward
1 - 0% - 60%
2 - 0% - 40%
44 Defense
1 - 0% - 60%
2 - 0% - 40%
Last Minute Offensive  - 0:00
Last Minute Defensive  - 0:00
Total
Forward - 60:00
Defense - 60:00

% Time on Ice - Canucks

Lines # - Real PCT - Wanted PCT - Time Play
Normal Forward
1 - 28% - 32% - 14:14
2 - 31% - 32% - 15:31
3 - 24% - 26% - 11:54
4 - 17% - 10% - 8:28
Normal Defense
1 - 39% - 38% - 19:39
2 - 38% - 38% - 19:03
3 - 22% - 24% - 11:10
4 - 0% - 0% - 0:15
PP Forward
1 - 56% - 60% - 4:15
2 - 44% - 40% - 3:24
PP Defense
1 - 70% - 60% - 5:23
2 - 30% - 40% - 2:16
PK Forward
1 - 100% - 80% - 2:14
2 - 0% - 20% - 0:00
PK Defense
1 - 67% - 80% - 1:30
2 - 33% - 20% - 0:44
PK3 Forward
1 - 0% - 60%
2 - 0% - 40%
PK3 Defense
1 - 0% - 60%
2 - 0% - 40%
44 Forward
1 - 0% - 60%
2 - 0% - 40%
44 Defense
1 - 0% - 60%
2 - 0% - 40%
Last Minute Offensive  - 0:00
Last Minute Defensive  - 0:00
Total
Forward - 60:00
Defense - 60:00

Play-by-Play

1st period


0:01 of 1st period - Mika Zibanejad wins face-off versus Tomas Hertl in neutral zone.
0:42 of 1st period - Minor Penalty to Jonas Brodin for Roughing.
0:43 of 1st period - Ryan Getzlaf wins face-off versus Alex Ovechkin in Kings zone.
0:50 of 1st period - Snap shot by Blake Wheeler.
0:50 of 1st period - Deflect By Shea Weber.
0:50 of 1st period - Shot Misses the Net.
0:50 of 1st period - Puck is out of play.
0:51 of 1st period - Ryan Getzlaf wins face-off versus Alex Ovechkin in Kings zone.
0:52 of 1st period - Slapshot by Mika Zibanejad.
0:52 of 1st period - Shot Misses the Net.
1:29 of 1st period - Snap shot by Mika Zibanejad.
1:29 of 1st period - Shot Blocked by Shea Weber.
1:31 of 1st period - Slapshot by Oscar Klefbom.
1:31 of 1st period - Stopped by Semyon Varlamov without a rebound.
1:32 of 1st period - Tomas Hertl wins face-off versus Alex Killorn in Kings zone.
1:40 of 1st period - Off-side.
1:41 of 1st period - Tomas Hertl wins face-off versus Alex Killorn in neutral zone.
2:24 of 1st period - Snap shot by Dominik Kubalik.
2:24 of 1st period - Deflect By Mika Zibanejad.
2:24 of 1st period - Goal by Mika Zibanejad - Kings : 0 - Canucks : 1.
2:25 of 1st period - Blake Wheeler wins face-off versus Tomas Hertl in neutral zone.
2:36 of 1st period - Snap shot by Alex Ovechkin.
2:36 of 1st period - Goal by Alex Ovechkin - Kings : 1 - Canucks : 1.
2:37 of 1st period - Sean Kuraly wins face-off versus Denis Gurianov in neutral zone.
3:31 of 1st period - Slapshot by Alexander Radulov.
3:31 of 1st period - Deflect By Jamie Benn.
3:31 of 1st period - Shot Misses the Net.
3:31 of 1st period - Puck is out of play.
3:32 of 1st period - Ryan Getzlaf wins face-off versus Tomas Hertl in Canucks zone.
3:37 of 1st period - Slapshot by Artemi Panarin.
3:37 of 1st period - Deflect By Alex Ovechkin.
3:37 of 1st period - Shot Blocked by Ryan Getzlaf.
3:37 of 1st period - Puck is out of play.
3:38 of 1st period - Ryan Getzlaf wins face-off versus Alex Ovechkin in Canucks zone.
3:47 of 1st period - Snap shot by Tomas Hertl.
3:47 of 1st period - Shot Misses the Net.
3:49 of 1st period - Slapshot by Jonas Brodin.
3:49 of 1st period - Deflect By Oscar Klefbom.
3:49 of 1st period - Stopped by Ben Bishop with a rebound.
3:51 of 1st period - Slapshot by Danny DeKeyser.
3:51 of 1st period - Deflect By Oscar Klefbom.
3:51 of 1st period - Stopped by Ben Bishop without a rebound.
3:52 of 1st period - Mika Zibanejad wins face-off versus Alex Ovechkin in Canucks zone.
4:02 of 1st period - Off-side.
4:03 of 1st period - Alex Killorn wins face-off versus Sean Kuraly in neutral zone.
4:16 of 1st period - Snap shot by Artturi Lehkonen.
4:16 of 1st period - Stopped by Ben Bishop with a rebound.
4:18 of 1st period - Backhand shot by Alex Goligoski.
4:18 of 1st period - Shot Misses the Net.
4:55 of 1st period - Snap shot by Tomas Hertl.
4:55 of 1st period - Shot Misses the Net.
4:57 of 1st period - Backhand shot by Shea Weber.
4:57 of 1st period - Shot Blocked by Darnell Nurse.
4:59 of 1st period - Wrist shot by Tomas Hertl.
4:59 of 1st period - Deflect By Artemi Panarin.
4:59 of 1st period - Goal by Artemi Panarin - Kings : 2 - Canucks : 1.
5:00 of 1st period - Tomas Hertl wins face-off versus Mika Zibanejad in neutral zone.
5:03 of 1st period - Wrist shot by Artemi Panarin.
5:03 of 1st period - Shot Blocked by Erik Cernak.
6:10 of 1st period - Erik Cernak is hit by Sean Kuraly and loses puck.
6:47 of 1st period - Off-side.
6:48 of 1st period - Alex Killorn wins face-off versus Tomas Hertl in neutral zone.
6:53 of 1st period - Icing by Alex Ovechkin.
6:54 of 1st period - Artemi Panarin wins face-off versus Mika Zibanejad in Kings zone.
7:03 of 1st period - Slapshot by Alex Ovechkin.
7:03 of 1st period - Stopped by Ben Bishop with a rebound.
7:10 of 1st period - Off-side.
7:11 of 1st period - Jamie Benn wins face-off versus Jason Dickinson in neutral zone.
7:16 of 1st period - Snap shot by Alexander Radulov.
7:16 of 1st period - Stopped by Ben Bishop without a rebound.
7:17 of 1st period - Jason Dickinson wins face-off versus Jamie Benn in Canucks zone.
7:17 of 1st period - Jason Dickinson is hit by Alex Goligoski.
8:13 of 1st period - Wrist shot by Sean Kuraly.
8:13 of 1st period - Stopped by Ben Bishop with a rebound.
8:29 of 1st period - Wrist shot by Dominik Kubalik.
8:29 of 1st period - Stopped by Semyon Varlamov with a rebound.
9:16 of 1st period - Wrist shot by Tomas Hertl.
9:16 of 1st period - Stopped by Ben Bishop without a rebound.
9:17 of 1st period - Tomas Hertl wins face-off versus Alex Killorn in Canucks zone.
9:18 of 1st period - Wrist shot by Artemi Panarin.
9:18 of 1st period - Stopped by Ben Bishop without a rebound.
9:19 of 1st period - Tomas Hertl wins face-off versus Alex Killorn in Canucks zone.
10:32 of 1st period - Snap shot by Alex Killorn.
10:32 of 1st period - Shot Blocked by Jonas Brodin.
11:02 of 1st period - Artemi Panarin is hit by Jordan Martinook and loses puck.
11:42 of 1st period - Minor Penalty to Darnell Nurse for Hooking.
11:43 of 1st period - Jamie Benn wins face-off versus Alex Killorn in Canucks zone.
11:54 of 1st period - Slapshot by Alexander Radulov.
11:54 of 1st period - Stopped by Ben Bishop without a rebound.
11:55 of 1st period - Alex Killorn wins face-off versus Jamie Benn in Canucks zone.
13:42 of 1st period - Penalty to Darnell Nurse is over, Darnell Nurse is back on ice.
13:56 of 1st period - Artemi Panarin is hit by Darnell Nurse and loses puck.
14:21 of 1st period - Blake Wheeler is hit by Tage Thompson and loses puck.
14:36 of 1st period - Wrist shot by Dominik Kubalik.
14:36 of 1st period - Goal by Dominik Kubalik - Kings : 2 - Canucks : 2.
14:37 of 1st period - Jamie Benn wins face-off versus Alex Killorn in neutral zone.
14:48 of 1st period - Snap shot by Alex Killorn.
14:48 of 1st period - Shot Misses the Net.
14:50 of 1st period - Slapshot by Matt Calvert.
14:50 of 1st period - Shot Blocked by Michael Del Zotto.
14:52 of 1st period - Snap shot by Alex Killorn.
14:52 of 1st period - Shot Hit the Post.
15:02 of 1st period - Charlie McAvoy is hit by Michael Del Zotto.
15:28 of 1st period - Slapshot by Tomas Hertl.
15:28 of 1st period - Stopped by Ben Bishop without a rebound.
15:29 of 1st period - Jamie Benn wins face-off versus Alex Killorn in Canucks zone.
16:17 of 1st period - Danny DeKeyser is hit by Ryan Getzlaf and loses puck.
16:44 of 1st period - Jayson Megna is hit by Alex Killorn and loses puck.
16:49 of 1st period - Snap shot by Gustav Nyquist.
16:49 of 1st period - Stopped by Semyon Varlamov with a rebound.
17:05 of 1st period - Snap shot by Jordan Martinook.
17:05 of 1st period - Shot Blocked by Danny DeKeyser.
17:07 of 1st period - Snap shot by Jason Dickinson.
17:07 of 1st period - Shot Misses the Net.
17:09 of 1st period - Snap shot by Darnell Nurse.
17:09 of 1st period - Stopped by Semyon Varlamov without a rebound.
17:10 of 1st period - Jason Dickinson wins face-off versus Jamie Benn in Kings zone.
17:35 of 1st period - Alex Goligoski is hit by Alex Killorn and loses puck.
17:58 of 1st period - Wrist shot by Mika Zibanejad.
17:58 of 1st period - Shot Misses the Net.
18:26 of 1st period - Snap shot by Artem Anisimov.
18:26 of 1st period - Shot Misses the Net.
18:28 of 1st period - Snap shot by Jamie Benn.
18:28 of 1st period - Shot Misses the Net.
18:30 of 1st period - Snap shot by Jamie Benn.
18:30 of 1st period - Shot Misses the Net.
18:37 of 1st period - Icing by Darnell Nurse.
18:38 of 1st period - Jason Dickinson wins face-off versus Jayson Megna in Canucks zone.
18:49 of 1st period - Snap shot by Nikolay Goldobin.
18:49 of 1st period - Shot Misses the Net.
18:51 of 1st period - Slapshot by Alex Goligoski.
18:51 of 1st period - Stopped by Ben Bishop with a rebound.
18:53 of 1st period - Snap shot by Nikolay Goldobin.
18:53 of 1st period - Shot Blocked by Darnell Nurse.
19:05 of 1st period - Wrist shot by Alexander Radulov.
19:05 of 1st period - Shot Blocked by Darnell Nurse.
19:52 of 1st period - Ryan Getzlaf is hit by Danny DeKeyser and loses puck.
Goals for this period are 2 for Kings vs 2 for Canucks.
Shots for this period are 13 for Kings vs 6 for Canucks.

2nd period


0:01 of 2nd period - Alex Killorn wins face-off versus Jamie Benn in neutral zone.
0:12 of 2nd period - Wrist shot by Gustav Nyquist.
0:12 of 2nd period - Stopped by Semyon Varlamov without a rebound.
0:13 of 2nd period - Jamie Benn wins face-off versus Mika Zibanejad in Kings zone.
0:24 of 2nd period - Wrist shot by Alexander Radulov.
0:24 of 2nd period - Deflect By Jamie Benn.
0:24 of 2nd period - Shot Misses the Net.
0:24 of 2nd period - Puck is out of play.
0:25 of 2nd period - Tomas Hertl wins face-off versus Alex Killorn in Canucks zone.
0:29 of 2nd period - Icing by Gustav Nyquist.
0:30 of 2nd period - Tomas Hertl wins face-off versus Alex Killorn in Canucks zone.
1:37 of 2nd period - Slapshot by Gustav Nyquist.
1:37 of 2nd period - Shot Misses the Net.
2:26 of 2nd period - Off-side.
2:27 of 2nd period - Tomas Hertl wins face-off versus Mika Zibanejad in neutral zone.
3:37 of 2nd period - Darnell Nurse is hit by Jayson Megna and loses puck.
3:44 of 2nd period - Snap shot by Nikolay Goldobin.
3:44 of 2nd period - Deflect By Oscar Klefbom.
3:44 of 2nd period - Shot Misses the Net.
3:44 of 2nd period - Puck is out of play.
3:45 of 2nd period - Mika Zibanejad wins face-off versus Tomas Hertl in Canucks zone.
4:12 of 2nd period - Matt Calvert is hit by Jamie Benn and loses puck.
5:04 of 2nd period - Minor Penalty to Tage Thompson for Holding.
5:05 of 2nd period - Ryan Getzlaf wins face-off versus Alex Ovechkin in Kings zone.
5:09 of 2nd period - Snap shot by Blake Wheeler.
5:09 of 2nd period - Shot Misses the Net.
7:04 of 2nd period - Penalty to Tage Thompson is over, Tage Thompson is back on ice.
7:10 of 2nd period - Snap shot by Nikolay Goldobin.
7:10 of 2nd period - Shot Hit the Post.
7:32 of 2nd period - Erik Johnson is hit by Artturi Lehkonen and loses puck.
7:49 of 2nd period - Snap shot by Alexander Radulov.
7:49 of 2nd period - Deflect By Artem Anisimov.
7:49 of 2nd period - Shot Misses the Net.
7:49 of 2nd period - Puck is out of play.
7:50 of 2nd period - Jamie Benn wins face-off versus Ryan Getzlaf in Canucks zone.
7:53 of 2nd period - Backhand shot by Jamie Benn.
7:53 of 2nd period - Stopped by Ben Bishop without a rebound.
7:54 of 2nd period - Tomas Hertl wins face-off versus Alex Killorn in Canucks zone.
8:25 of 2nd period - Wrist shot by Carter Rowney.
8:25 of 2nd period - Stopped by Ben Bishop without a rebound.
8:26 of 2nd period - Sean Kuraly wins face-off versus Mika Zibanejad in Canucks zone.
8:48 of 2nd period - Off-side.
8:49 of 2nd period - Ryan Getzlaf wins face-off versus Alex Ovechkin in neutral zone.
8:54 of 2nd period - Wrist shot by Ryan Getzlaf.
8:54 of 2nd period - Shot Blocked by Jonas Brodin.
9:04 of 2nd period - Snap shot by Dominik Kubalik.
9:04 of 2nd period - Stopped by Semyon Varlamov with a rebound.
9:14 of 2nd period - Snap shot by Gustav Nyquist.
9:14 of 2nd period - Shot Misses the Net.
9:16 of 2nd period - Slapshot by Charlie McAvoy.
9:16 of 2nd period - Deflect By Gustav Nyquist.
9:16 of 2nd period - Shot Blocked by Alex Ovechkin.
9:16 of 2nd period - Puck is out of play.
9:17 of 2nd period - Jamie Benn wins face-off versus Alex Killorn in Kings zone.
10:08 of 2nd period - Snap shot by Dominik Kubalik.
10:08 of 2nd period - Shot Misses the Net.
10:12 of 2nd period - Wrist shot by Ryan Getzlaf.
10:12 of 2nd period - Shot Blocked by Jonas Brodin.
10:14 of 2nd period - Slapshot by Charlie McAvoy.
10:14 of 2nd period - Stopped by Semyon Varlamov without a rebound.
10:15 of 2nd period - Alex Tuch wins face-off versus Jamie Benn in Kings zone.
10:18 of 2nd period - Snap shot by Blake Wheeler.
10:18 of 2nd period - Shot Blocked by Jonas Brodin.
10:32 of 2nd period - Wrist shot by Blake Wheeler.
10:32 of 2nd period - Stopped by Semyon Varlamov with a rebound.
10:43 of 2nd period - Off-side.
10:44 of 2nd period - Tomas Hertl wins face-off versus Alex Killorn in neutral zone.
11:36 of 2nd period - Minor Penalty to Ryan Getzlaf for Interference.
11:37 of 2nd period - Tomas Hertl wins face-off versus Alex Killorn in Canucks zone.
11:49 of 2nd period - Snap shot by Artemi Panarin.
11:49 of 2nd period - Shot Misses the Net.
11:51 of 2nd period - Wrist shot by Artemi Panarin.
11:51 of 2nd period - Goal by Artemi Panarin - Kings : 3 - Canucks : 2.
11:52 of 2nd period - Tomas Hertl wins face-off versus Mika Zibanejad in neutral zone.
11:59 of 2nd period - Wrist shot by Artemi Panarin.
11:59 of 2nd period - Stopped by Ben Bishop with a rebound.
12:01 of 2nd period - Wrist shot by Alex Ovechkin.
12:01 of 2nd period - Stopped by Ben Bishop with a rebound.
12:03 of 2nd period - Snap shot by Tomas Hertl.
12:03 of 2nd period - Stopped by Ben Bishop with a rebound.
12:05 of 2nd period - Slapshot by Alex Goligoski.
12:05 of 2nd period - Stopped by Ben Bishop with a rebound.
12:07 of 2nd period - Snap shot by Artemi Panarin.
12:07 of 2nd period - Deflect By Alex Ovechkin.
12:07 of 2nd period - Deflect By Blake Wheeler.
12:07 of 2nd period - Shot Misses the Net.
12:07 of 2nd period - Puck is out of play.
12:08 of 2nd period - Jamie Benn wins face-off versus Alex Killorn in Canucks zone.
12:13 of 2nd period - Snap shot by Alexander Radulov.
12:13 of 2nd period - Shot Misses the Net.
12:15 of 2nd period - Snap shot by Alexander Radulov.
12:15 of 2nd period - Stopped by Ben Bishop with a rebound.
12:17 of 2nd period - Slapshot by Artem Anisimov.
12:17 of 2nd period - Shot Blocked by Erik Johnson.
12:19 of 2nd period - Slapshot by Alex Goligoski.
12:19 of 2nd period - Stopped by Ben Bishop with a rebound.
12:21 of 2nd period - Snap shot by Jamie Benn.
12:21 of 2nd period - Shot Misses the Net.
12:23 of 2nd period - Wrist shot by Jamie Benn.
12:23 of 2nd period - Shot Misses the Net.
12:58 of 2nd period - Denis Gurianov is hit by Danny DeKeyser and loses puck.
13:05 of 2nd period - Snap shot by Tage Thompson.
13:05 of 2nd period - Shot Misses the Net.
13:19 of 2nd period - Snap shot by Gustav Nyquist.
13:19 of 2nd period - Stopped by Semyon Varlamov without a rebound.
13:20 of 2nd period - Alex Killorn wins face-off versus Sean Kuraly in Kings zone.
13:25 of 2nd period - Wrist shot by Gustav Nyquist.
13:25 of 2nd period - Shot Misses the Net.
13:27 of 2nd period - Slapshot by Alex Killorn.
13:27 of 2nd period - Shot Misses the Net.
13:29 of 2nd period - Slapshot by Darnell Nurse.
13:29 of 2nd period - Shot Misses the Net.
13:31 of 2nd period - Snap shot by Gustav Nyquist.
13:31 of 2nd period - Shot Misses the Net.
13:53 of 2nd period - Slapshot by Alexander Radulov.
13:53 of 2nd period - Stopped by Ben Bishop without a rebound.
13:54 of 2nd period - Ryan Getzlaf wins face-off versus Tomas Hertl in Canucks zone.
15:55 of 2nd period - Alex Tuch is hit by Tomas Hertl and loses puck.
16:08 of 2nd period - Slapshot by Oscar Klefbom.
16:08 of 2nd period - Shot Misses the Net.
16:32 of 2nd period - Snap shot by Pierre Engvall.
16:32 of 2nd period - Stopped by Semyon Varlamov without a rebound.
16:33 of 2nd period - Tomas Hertl wins face-off versus Jason Dickinson in Kings zone.
16:36 of 2nd period - Snap shot by Jordan Martinook.
16:36 of 2nd period - Shot Misses the Net.
16:50 of 2nd period - Slapshot by Charlie McAvoy.
16:50 of 2nd period - Shot Blocked by Artemi Panarin.
16:52 of 2nd period - Wrist shot by Pierre Engvall.
16:52 of 2nd period - Stopped by Semyon Varlamov with a rebound.
16:54 of 2nd period - Slapshot by Erik Cernak.
16:54 of 2nd period - Stopped by Semyon Varlamov with a rebound.
16:56 of 2nd period - Snap shot by Jordan Martinook.
16:56 of 2nd period - Stopped by Semyon Varlamov without a rebound.
16:57 of 2nd period - Jamie Benn wins face-off versus Mika Zibanejad in Kings zone.
16:59 of 2nd period - Minor Penalty to Jamie Benn for Tripping.
17:00 of 2nd period - Ryan Getzlaf wins face-off versus Alex Ovechkin in Kings zone.
17:02 of 2nd period - Wrist shot by Mika Zibanejad.
17:02 of 2nd period - Stopped by Semyon Varlamov with a rebound.
17:52 of 2nd period - Tomas Hertl is hit by Dominik Kubalik and loses puck.
18:03 of 2nd period - Tomas Hertl is hit by Mika Zibanejad and loses puck.
18:59 of 2nd period - Penalty to Jamie Benn is over, Jamie Benn is back on ice.
19:04 of 2nd period - Snap shot by Pierre Engvall.
19:04 of 2nd period - Deflect By Jordan Martinook.
19:04 of 2nd period - Shot Misses the Net.
19:04 of 2nd period - Puck is out of play.
19:05 of 2nd period - Jason Dickinson wins face-off versus Jayson Megna in Kings zone.
19:06 of 2nd period - Slapshot by Oscar Klefbom.
19:06 of 2nd period - Shot Blocked by Jayson Megna.
19:16 of 2nd period - Wrist shot by Tage Thompson.
19:16 of 2nd period - Shot Misses the Net.
19:18 of 2nd period - Snap shot by Luke Schenn.
19:18 of 2nd period - Stopped by Ben Bishop with a rebound.
19:20 of 2nd period - Slapshot by Luke Schenn.
19:20 of 2nd period - Shot Misses the Net.
19:46 of 2nd period - Off-side.
19:47 of 2nd period - Jamie Benn wins face-off versus Mika Zibanejad in neutral zone.
19:50 of 2nd period - Slapshot by Alex Goligoski.
19:50 of 2nd period - Stopped by Ben Bishop with a rebound.
Goals for this period are 1 for Kings vs 0 for Canucks.
Shots for this period are 12 for Kings vs 10 for Canucks.

3rd period


0:01 of 3rd period - Ryan Getzlaf wins face-off versus Tomas Hertl in neutral zone.
0:13 of 3rd period - Icing by Alex Goligoski.
0:14 of 3rd period - Tomas Hertl wins face-off versus Matt Calvert in Kings zone.
0:36 of 3rd period - Minor Penalty to Alex Ovechkin for Holding.
0:37 of 3rd period - Ryan Getzlaf wins face-off versus Carter Rowney in Kings zone.
0:53 of 3rd period - Slapshot by Quinn Hughes.
0:53 of 3rd period - Shot Misses the Net.
1:03 of 3rd period - Artemi Panarin is hit by Alex Killorn and loses puck.
1:16 of 3rd period - Snap shot by Alex Killorn.
1:16 of 3rd period - Stopped by Semyon Varlamov without a rebound.
1:17 of 3rd period - Ryan Getzlaf wins face-off versus Tomas Hertl in Kings zone.
1:30 of 3rd period - Shea Weber is hit by Charlie McAvoy and loses puck.
1:47 of 3rd period - Alex Goligoski is hit by Alex Killorn and loses puck.
2:00 of 3rd period - Charlie McAvoy is hit by Alex Goligoski and loses puck.
2:36 of 3rd period - Penalty to Alex Ovechkin is over, Alex Ovechkin is back on ice.
2:38 of 3rd period - Icing by Blake Wheeler.
2:39 of 3rd period - Jayson Megna wins face-off versus Ryan Getzlaf in Canucks zone.
2:40 of 3rd period - Slapshot by Nikolay Goldobin.
2:40 of 3rd period - Stopped by Ben Bishop without a rebound.
2:41 of 3rd period - Jayson Megna wins face-off versus Alex Killorn in Canucks zone.
3:37 of 3rd period - Denis Gurianov is hit by Tomas Hertl and loses puck.
3:55 of 3rd period - Slapshot by Oscar Klefbom.
3:55 of 3rd period - Deflect By Pierre Engvall.
3:55 of 3rd period - Shot Misses the Net.
3:55 of 3rd period - Puck is out of play.
3:56 of 3rd period - Jordan Martinook wins face-off versus Sean Kuraly in Kings zone.
3:57 of 3rd period - Slapshot by Oscar Klefbom.
3:57 of 3rd period - Stopped by Semyon Varlamov with a rebound.
4:21 of 3rd period - Matt Calvert is hit by Jamie Benn and loses puck.
4:48 of 3rd period - Slapshot by Tomas Hertl.
4:48 of 3rd period - Shot Misses the Net.
4:50 of 3rd period - Wrist shot by Artemi Panarin.
4:50 of 3rd period - Shot Misses the Net.
4:52 of 3rd period - Snap shot by Tomas Hertl.
4:52 of 3rd period - Goal by Tomas Hertl - Kings : 4 - Canucks : 2.
4:53 of 3rd period - Jamie Benn wins face-off versus Ryan Getzlaf in neutral zone.
5:18 of 3rd period - Ryan Getzlaf is hit by Shea Weber and loses puck.
5:44 of 3rd period - Icing by Erik Johnson.
5:45 of 3rd period - Tomas Hertl wins face-off versus Alex Killorn in Canucks zone.
5:56 of 3rd period - Shea Weber is hit by Matt Calvert and loses puck.
6:13 of 3rd period - Snap shot by Artemi Panarin.
6:13 of 3rd period - Shot Blocked by Gustav Nyquist.
6:18 of 3rd period - Off-side.
6:19 of 3rd period - Jamie Benn wins face-off versus Mika Zibanejad in neutral zone.
6:28 of 3rd period - Snap shot by Blake Wheeler.
6:28 of 3rd period - Deflect By Alexander Radulov.
6:28 of 3rd period - Stopped by Semyon Varlamov without a rebound.
6:29 of 3rd period - Mika Zibanejad wins face-off versus Jamie Benn in Kings zone.
6:30 of 3rd period - Wrist shot by Blake Wheeler.
6:30 of 3rd period - Stopped by Semyon Varlamov without a rebound.
6:31 of 3rd period - Mika Zibanejad wins face-off versus Jamie Benn in Kings zone.
6:40 of 3rd period - Wrist shot by Blake Wheeler.
6:40 of 3rd period - Stopped by Semyon Varlamov without a rebound.
6:41 of 3rd period - Mika Zibanejad wins face-off versus Jamie Benn in Kings zone.
7:02 of 3rd period - Wrist shot by Jamie Benn.
7:02 of 3rd period - Shot Misses the Net.
7:12 of 3rd period - Slapshot by Alexander Radulov.
7:12 of 3rd period - Shot Blocked by Oscar Klefbom.
7:14 of 3rd period - Wrist shot by Jamie Benn.
7:14 of 3rd period - Stopped by Ben Bishop with a rebound.
7:24 of 3rd period - Snap shot by Jamie Benn.
7:24 of 3rd period - Stopped by Ben Bishop without a rebound.
7:25 of 3rd period - Alex Killorn wins face-off versus Alex Ovechkin in Canucks zone.
7:50 of 3rd period - Denis Gurianov is hit by Sean Kuraly and loses puck.
8:17 of 3rd period - Slapshot by Jayson Megna.
8:17 of 3rd period - Shot Blocked by Jordan Martinook.
8:19 of 3rd period - Wrist shot by Jonas Brodin.
8:19 of 3rd period - Shot Misses the Net.
8:21 of 3rd period - Snap shot by Tage Thompson.
8:21 of 3rd period - Shot Misses the Net.
8:37 of 3rd period - Snap shot by Matt Calvert.
8:37 of 3rd period - Shot Misses the Net.
8:39 of 3rd period - Slapshot by Quinn Hughes.
8:39 of 3rd period - Shot Misses the Net.
8:41 of 3rd period - Wrist shot by Alex Killorn.
8:41 of 3rd period - Stopped by Semyon Varlamov with a rebound.
8:43 of 3rd period - Slapshot by Quinn Hughes.
8:43 of 3rd period - Stopped by Semyon Varlamov with a rebound.
9:35 of 3rd period - Ryan Getzlaf is hit by Nikolay Goldobin and loses puck.
10:00 of 3rd period - Denis Gurianov is hit by Alexander Radulov and loses puck.
10:17 of 3rd period - Snap shot by Alex Killorn.
10:17 of 3rd period - Stopped by Semyon Varlamov with a rebound.
10:19 of 3rd period - Snap shot by Matt Calvert.
10:19 of 3rd period - Shot Blocked by Alex Goligoski.
10:21 of 3rd period - Wrist shot by Gustav Nyquist.
10:21 of 3rd period - Deflect By Alex Killorn.
10:21 of 3rd period - Shot Blocked by Shea Weber.
10:21 of 3rd period - Puck is out of play.
10:22 of 3rd period - Mika Zibanejad wins face-off versus Sean Kuraly in Kings zone.
10:23 of 3rd period - Slapshot by Blake Wheeler.
10:23 of 3rd period - Shot Misses the Net.
10:35 of 3rd period - Snap shot by Artturi Lehkonen.
10:35 of 3rd period - Stopped by Ben Bishop without a rebound.
10:36 of 3rd period - Tomas Hertl wins face-off versus Alex Killorn in Canucks zone.
10:47 of 3rd period - Wrist shot by Artemi Panarin.
10:47 of 3rd period - Shot Misses the Net.
10:53 of 3rd period - Snap shot by Artemi Panarin.
10:53 of 3rd period - Shot Blocked by Charlie McAvoy.
11:03 of 3rd period - Jamie Benn is hit by Charlie McAvoy.
11:17 of 3rd period - Snap shot by Mika Zibanejad.
11:17 of 3rd period - Goal by Mika Zibanejad - Kings : 4 - Canucks : 3.
11:18 of 3rd period - Alex Killorn wins face-off versus Tomas Hertl in neutral zone.
11:21 of 3rd period - Alex Goligoski is hit by Charlie McAvoy and loses puck.
12:28 of 3rd period - Oscar Klefbom is hit by Danny DeKeyser and loses puck.
12:37 of 3rd period - Wrist shot by Nikolay Goldobin.
12:37 of 3rd period - Shot Misses the Net.
13:20 of 3rd period - Snap shot by Blake Wheeler.
13:20 of 3rd period - Stopped by Semyon Varlamov with a rebound.
14:07 of 3rd period - Icing by Pierre Engvall.
14:08 of 3rd period - Jason Dickinson wins face-off versus Alex Ovechkin in Canucks zone.
14:08 of 3rd period - Jason Dickinson is hit by Artemi Panarin.
14:22 of 3rd period - Wrist shot by Alex Killorn.
14:22 of 3rd period - Goal by Alex Killorn - Kings : 4 - Canucks : 4.
14:23 of 3rd period - Mika Zibanejad wins face-off versus Tomas Hertl in neutral zone.
14:50 of 3rd period - Charlie McAvoy is hit by Carter Rowney and loses puck.
16:34 of 3rd period - Snap shot by Dominik Kubalik.
16:34 of 3rd period - Stopped by Semyon Varlamov with a rebound.
16:42 of 3rd period - Slapshot by Danny DeKeyser.
16:42 of 3rd period - Deflect By Dominik Kubalik.
16:42 of 3rd period - Stopped by Ben Bishop with a rebound.
16:56 of 3rd period - Backhand shot by Darnell Nurse.
16:56 of 3rd period - Stopped by Semyon Varlamov without a rebound.
16:57 of 3rd period - Tomas Hertl wins face-off versus Alex Killorn in Kings zone.
17:02 of 3rd period - Wrist shot by Artemi Panarin.
17:02 of 3rd period - Shot Misses the Net.
17:10 of 3rd period - Snap shot by Alex Ovechkin.
17:10 of 3rd period - Stopped by Ben Bishop without a rebound.
17:11 of 3rd period - Ryan Getzlaf wins face-off versus Sean Kuraly in Canucks zone.
17:43 of 3rd period - Alex Tuch is hit by Tomas Hertl and loses puck.
18:27 of 3rd period - Slapshot by Artemi Panarin.
18:27 of 3rd period - Shot Misses the Net.
18:48 of 3rd period - Wrist shot by Denis Gurianov.
18:48 of 3rd period - Stopped by Semyon Varlamov without a rebound.
18:49 of 3rd period - Ryan Getzlaf wins face-off versus Jamie Benn in Kings zone.
19:29 of 3rd period - Icing by Charlie McAvoy.
19:30 of 3rd period - Gustav Nyquist wins face-off versus Jamie Benn in Canucks zone.
Goals for this period are 1 for Kings vs 2 for Canucks.
Shots for this period are 7 for Kings vs 14 for Canucks.

Overtime #1


0:01 of 1st overtime period - Mika Zibanejad wins face-off versus Artemi Panarin in neutral zone.
0:10 of 1st overtime period - Snap shot by Mika Zibanejad.
0:10 of 1st overtime period - Shot Misses the Net.
0:36 of 1st overtime period - Snap shot by Quinn Hughes.
0:36 of 1st overtime period - Stopped by Semyon Varlamov with a rebound.
1:02 of 1st overtime period - Backhand shot by Alexander Radulov.
1:02 of 1st overtime period - Stopped by Ben Bishop with a rebound.
1:04 of 1st overtime period - Snap shot by Alex Goligoski.
1:04 of 1st overtime period - Goal by Alex Goligoski - Kings : 5 - Canucks : 4.
Goals for this period are 1 for Kings vs 0 for Canucks.
Shots for this period are 2 for Kings vs 1 for Canucks.